 Dungeon Crawl Stone Soup version 0.23.2-40-g277498a001 (webtiles) character file.

Game seed: 11992601987217237482

392 Marnok the Shield-Bearer (level 7, 0/53 HPs)
             Began as a Human Fighter on Oct 18, 2019.
             Was a Follower of Wu Jian.
             Killed from afar by an orc wizard (9 damage)
             ... with a puff of flame
             ... on level 3 of the Dungeon.
             The game lasted 00:08:10 (2949 turns).

Marnok the Shield-Bearer (Human Fighter)            Turns: 2949, Time: 00:08:11

Health: 0/53       AC:  9    Str: 18    XL:     7   Next: 8%
Magic:  7/7        EV:  8    Int:  9    God:    Wu Jian [*.....]
Gold:   44         SH:  0    Dex: 12    Spells: 6/6 levels left

rFire    . . .     SeeInvis .   e - -3 rapier (curse)
rCold    . . .     Gourm    .   c - +0 shield
rNeg     . . .     Faith    .   b - +0 scale mail
rPois    .         Spirit   .   (no helmet)
rElec    .         Reflect  .   (no cloak)
rCorr    .         Harm     .   n - +1 pair of gloves
MR       .....                  (no boots)
Stlth    ..........             (no amulet)
HPRegen  0.17/turn              (no ring)
MPRegen  0.10/turn              (no ring)

@: confused, lightly drained
A: no striking features
a: Renounce Religion


You were on level 3 of the Dungeon.
You worshipped Wu Jian.
Wu Jian was aware of your devotion.
You were not hungry.

You visited 1 branch of the dungeon, and saw 3 of its levels.

You collected 44 gold pieces.

Inventory:

Hand Weapons
 a - a +1 long sword
 e - a cursed -3 rapier (weapon)
 g - a +0 dagger of draining
Armour
 b - a +0 scale mail (worn)
 c - a +0 shield (worn)
 k - a +0 pair of boots
 n - a +1 pair of gloves (worn)
Scrolls
 i - a scroll of fog
 j - 2 scrolls of teleportation
Potions
 h - 2 potions of flight
 m - a potion of lignification
Comestibles
 d - 4 chunks of flesh
 f - 8 rations


   Skills:
 + Level 3.8(3.6) Fighting
 + Level 1.7(2.7) Short Blades
 + Level 3.6 Long Blades
 + Level 4.1(3.8) Armour
 + Level 1.9(1.7) Dodging
 + Level 0.1(0.0) Stealth
 + Level 4.4(4.2) Shields


You had 6 spell levels left.
You didn't know any spells.
Your spell library was empty.

Dungeon Overview and Level Annotations

Branches:
Dungeon (3/15)

Altars:
Wu Jian


Message History

You are confused.
Your scale mail prevents you from hitting the orc wizard.
The orc wizard gestures at you while chanting.
You are more confused.
The orc completely misses you.
The orc wizard hits you but does no damage.
The orc wizard mumbles some strange words.
The orc wizard flickers and vanishes!
Deactivating autopickup; reactivate with Ctrl-A.
You're too confused!
Okay, then.
You bump into the rock wall.
The orc wizard gestures at you while chanting.
You are more confused.
The orc hits you with a +0 mace.
* * * LOW HITPOINT WARNING * * *
You hear some strange, mumbled words.
A puff of flame appears from out of thin air!
The puff of flame hits you!
You die...

#...#..##...............
#.#...####...)..........
#.##....................
#.###.##......))#.......
#.###....#.....##.......
####.##..##..................
.....##.....#....o..######o.
.............##o#{o..≈≈≈≈≈.
>........#######@o##≈≈≈≈≈≈≈
....<.)###)....###≈≈≈≈≈≈≈≈######
.......))).......######≈###...(#
.......).)#####.......###....([#
.......####≈≈≈###..........#####
........≈≈≈≈≈≈≈≈######...###
.........≈≈≈≈≈≈≈≈ #####
......#....≈≈≈#.##
#####.#.###......


You could see an orc wizard and 3 orcs.

Vanquished Creatures
  2 big kobolds (D:3)
  A bullfrog (D:3)
  An iguana (D:2)
  5 adders
  An ooze (D:2)
  3 worms
  4 dart slugs
  3 leopard geckos
  10 orcs
  10 bats
  5 giant cockroaches
  7 goblins
  11 hobgoblins
  2 jackals (D:2)
  A quokka (D:3)
  A ball python (D:1)
  2 frilled lizards (D:1)
  10 kobolds
  10 rats
89 creatures vanquished.

Notes
Turn   | Place    | Note
-------+----------+-------------------------------------------
     0 | D:1      | Marnok the Human Fighter began the quest for the Orb.
     0 | D:1      | Reached XP level 1. HP: 18/18 MP: 1/1
    16 | D:1      | Reached XP level 2. HP: 13/24 MP: 2/2
   753 | D:1      | Reached XP level 3. HP: 29/29 MP: 3/3
  1419 | D:2      | Reached XP level 4. HP: 25/35 MP: 4/4
  1500 | D:2      | Found a faded altar of an unknown god.
  1806 | D:2      | Reached XP level 5. HP: 30/41 MP: 5/5
  2043 | D:2      | Found an ornate altar of the Wu Jian Council.
  2054 | D:2      | Became a worshipper of the Wu Jian Council
  2113 | D:3      | Reached skill level 1 in Dodging
  2395 | D:3      | Noticed a big kobold
  2396 | D:3      | Noticed a big kobold
  2408 | D:3      | Killed a big kobold
  2408 | D:3      | Reached skill level 1 in Short Blades
  2408 | D:3      | Reached XP level 6. HP: 20/47 MP: 6/6
  2430 | D:3      | Reached * piety under Wu Jian
  2886 | D:3      | Reached XP level 7. HP: 42/53 MP: 7/7
  2949 | D:3      | Killed from afar by an orc wizard

Skill      XL: |  1  2  3  4  5  6 |
---------------+-------------------+-----
Long Blades    | 3 |  3.6
Dodging        | 1 |  1.9
Shields        | 4 |  4.4
Short Blades   | 1 |  1.7
Armour         | 4 |  4.1
Fighting       | |  3.8
Stealth        | |  0.1

Action                   |  1- 3 |  4- 6 |  7- 9 || total
-------------------------+-------+-------+-------++-------
Melee: Long sword        |    99 |   107 |       ||   206
       Rapier            |       |    83 |    45 ||   128
Invok: Lunge             |       |     2 |     1 ||     3
       Whirlwind         |       |     1 |     4 ||     5
  Use: Scroll            |       |    12 |       ||    12
       Potion            |       |     2 |       ||     2
  Eat: Chunk             |     2 |     5 |       ||     7
Armor: Scale mail        |    57 |   142 |    17 ||   216
Dodge: Dodged            |    29 |    93 |    16 ||   138
Block: Shield            |    39 |   154 |    34 ||   227
       Rpst.: Long sword |    12 |     7 |       ||    19
